 Dungeon Sprint DCSS version 0.26-a0-540-g8a0c9464d7 (webtiles) character file.

Game seed: 10832281002864040078

28 HoaS the Ruffian (level 3, -3/21 HPs)
             Began as a Gargoyle Gladiator on Aug 19, 2020.
             Was an Initiate of Makhleb.
             Slain by an unseen horror (7 damage)
             ... in the Dungeon (Sprint IX: "|||||||||||||||||||||||||||||").
             The game lasted 00:01:13 (312 turns).

HoaS the Ruffian (Gargoyle Gladiator)                Turns: 312, Time: 00:01:13

Health: -3/21      AC: 16    Str: 17    XL:     3   Next: 12%
Magic:  3/3        EV:  7    Int:  8    God:    Makhleb [......]
Gold:   0          SH:  0    Dex: 15    Spells: 2/2 levels left

rFire    . . .     SeeInvis .     - Unarmed
rCold    . . .     Faith    .   (no shield)
rNeg     + . .     Spirit   .   o - +1 chain mail
rPois    ∞         Reflect  .   b - +0 helmet
rElec    +         Harm     .   (no cloak)
rCorr    .         NoTele   +   n - +0 pair of gloves
MR       .....                  (no boots)
Stlth    ..........             (no amulet)
HPRegen  0.07/turn              p - +3 ring of dexterity
MPRegen  0.08/turn              q - +2 ring of protection

@: hasted, very quick
A: negative energy resistance 1, electricity resistance, unbreathing,
petrification resistance, rot immunity, AC +3
a: Renounce Religion


You were in the Dungeon.
You worshipped Makhleb.
Makhleb was noncommittal.
You visited 1 branch

Inventory:

Missiles
 c - 3 throwing nets (quivered)
Armour
 b - a +0 helmet (worn)
 n - a +0 pair of gloves (worn)
 o - a +1 chain mail (worn)
Jewellery
 p - a +3 ring of dexterity (left hand)
 q - a +2 ring of protection (right hand)
Wands
 m - a wand of iceblast (10)
Scrolls
 i - 2 scrolls of blinking
 k - 3 scrolls of remove curse
 l - 2 scrolls of amnesia
Potions
 d - 5 potions of curing
 e - a potion of invisibility
 g - 4 potions of magic
 h - a potion of berserk rage
 j - 2 potions of heal wounds


   Skills:
 - Level 2.1 Fighting
 - Level 1.7 Throwing
 - Level 2.4 Dodging
 + Level 6.7 Unarmed Combat


You had 2 spell levels left.
You didn't know any spells.
Your spell library was empty.

Dungeon Overview and Level Annotations

Branches:
Dungeon (1/1)

Altars:
Cheibriados
Dithmenos
Elyvilon
Fedhas
Gozag
Hepliaklqana
Kikubaaqudgha
Makhleb
Nemelex Xobeh
Okawaru
Qazlal
Ru
Sif Muna
Trog
Uskayaw
Vehumet
Wu Jian
Xom
Yredelemnul
Zin
The Shining One
Beogh
Jiyva
Lugonu


Innate Abilities, Weirdness & Mutations

You are resistant to torment.
Your stone body is resilient. (AC +3)
You are immune to poison.
You resist negative energy. (rN+)
You are resistant to electric shocks. (rElec)
You can survive without breathing.
You are immune to petrification.
You are immune to rotting.


Message History

You finish putting on your +1 chain mail.
Drop what? 17/52 slots (_ for help) (? for menu, Esc to quit)
You drop a +0 leather armour.
You open the door.
A hound, a yak, a bullfrog, a hornet and an orc wizard come into view.
The hornet buzzes angrily.
The bullfrog croaks.
The yak bellows!
The orc wizard shouts!
Something hits you but does no damage.
Deactivating autopickup; reactivate with Ctrl-A.
You hit something but do no damage. Something hits you.
You hit something but do no damage.
Something hits you but does no damage. x2
You closely miss something. Something hits you.
You hit something but do no damage.
Something hits you but does no damage. x2
You closely miss something. Something hits you!
* * * LOW HITPOINT WARNING * * *
You feel yourself speed up.
Something hits you but does no damage. x3
The orc wizard gestures at you while chanting.
The puff of flame hits something!
You miss something. Something hits you!
You die... ▓▓▓▓▓▓▓▓▓▓▓▓▓▓▓▓▓▓▓▓▓▓▓▓ .yhFYo{@..[..)..'_______ ▓▓▓▓▓▓▓▓▓▓▓▓▓▓▓▓▓▓▓▓▓▓▓▓

You could see a yak, a hornet, a bullfrog, a hound and an orc wizard.

Vanquished Creatures
  An adder (D)
  An ufetubus (D)
  An adder zombie (D)
  A leopard gecko (D)
  An orc (D)
  A goblin (D)
  A hobgoblin (D)
  A bat (D)
  2 kobolds (D)
10 creatures vanquished.

Notes
Turn   | Place    | Note
-------+----------+-------------------------------------------
     0 | D        | HoaS the Gargoyle Gladiator began the quest for the Orb.
     0 | D        | Reached XP level 1. HP: 12/12 MP: 1/1
    12 | D        | Reached skill level 4 in Unarmed Combat
    25 | D        | Reached XP level 2. HP: 12/17 MP: 2/2
    29 | D        | Reached skill level 5 in Unarmed Combat
    42 | D        | Reached skill level 6 in Unarmed Combat
    44 | D        | Reached XP level 3. HP: 10/21 MP: 3/3
   242 | D        | Found a roughly hewn altar of Beogh.
   242 | D        | Found a snail-covered altar of Cheibriados.
   242 | D        | Found a shadowy altar of Dithmenos.
   242 | D        | Found a white marble altar of Elyvilon.
   242 | D        | Found a blossoming altar of Fedhas.
   242 | D        | Found an opulent altar of Gozag.
   243 | D        | Found a hazy altar of Hepliaklqana.
   244 | D        | Found a viscous altar of Jiyva.
   245 | D        | Found an ancient bone altar of Kikubaaqudgha.
   246 | D        | Found a corrupted altar of Lugonu.
   247 | D        | Found a burning altar of Makhleb.
   248 | D        | Found a sparkling altar of Nemelex Xobeh.
   249 | D        | Found an iron altar of Okawaru.
   250 | D        | Found a stormy altar of Qazlal.
   251 | D        | Found a sacrificial altar of Ru.
   252 | D        | Found a shimmering blue altar of Sif Muna.
   253 | D        | Found a bloodstained altar of Trog.
   254 | D        | Found a hide-covered altar of Uskayaw.
   255 | D        | Became a worshipper of Makhleb the Destroyer
   256 | D        | Found a radiant altar of Vehumet.
   257 | D        | Found an ornate altar of the Wu Jian Council.
   258 | D        | Found a shimmering altar of Xom.
   259 | D        | Found a basalt altar of Yredelemnul.
   260 | D        | Found a glowing silver altar of Zin.
   261 | D        | Found a glowing golden altar of the Shining One.
   305 | D        | Noticed a hornet
   305 | D        | Noticed a bullfrog
   305 | D        | Noticed a yak
   312 | D        | Slain by an unseen horror

Illustrated notes

Levels and vault maps discovered:
D:        linesprint [early_d, line_temple, items_1, d_10, items_2, lair_1,
          lair_end, items_3, orc_1, orc_end, items_4, d_15, swamp_1, shoals_1,
          snake_1, spider_1, d_20, vaults_1, items_5, swamp_end, shoals_end,
          snake_end, spider_end, vaults_end, d_27, items_6, zot_1, zot_end,
          crypt_end, forest_end, elf_end, slime_end, tomb_end, abyss_end,
          pan_hell_end]

Skill      XL: |  1  2 |
---------------+-------+-----
Unarmed Combat | 4 6 |  6.7
Fighting       | |  2.1
Throwing       | |  1.7
Dodging        | |  2.4

Action                   || total
-------------------------++-------
Melee: Unarmed           ||    42
       Punch             ||     1
  Use: Potion            ||     2
Armor: Leather armour    ||     9
       Chain mail        ||     8
Dodge: Dodged            ||    18

Table legend: (Time is in decaauts)
 A = Elapsed time spent in this place.
 B = Non-inter-level travel time spent in this place.
 C = Inter-level travel time spent in this place.
 D = Time resting spent in this place.
 E = Time spent auto-exploring this place.
 F = Levels seen in this place.
 G = Mean time per level.
                   A        B        C        D        E       F      G
               +--------+--------+--------+--------+--------+-----+--------+
         Total |    306 |    306 |      0 |    188 |      0 |   1 |  306.0 |
       Dungeon |    306 |    306 |      0 |    188 |      0 |   1 |  306.0 |
               +--------+--------+--------+--------+--------+-----+--------+

Top non-repeatable levels by time:
       D: 306 daAuts
